AoeStats
← anasszairig01

QS Arena

503720440Analyzed
3v3 RM · 29d ago on Sep 2, 2026· 36m 25s· 6 players
Game mode
Random Map
Map size
Normal (6 player)
Population
200
Speed
Normal
Resources
Standard
Victory
Conquest
Starting age
Dark Age
Ending age
Imperial Age
RankedLock teamsTeams togetherTeam positionsShared explorationLock speedFull tech treeHidden civsTurbo modeCheats
Victory
Defeat
🇺🇸 Cumans · United States
1362
+8
🇺🇸 Goths · United States
1355
+8
🇦🇷 Burmese · Argentina
1348
+8
🇲🇦 Persians · Morocco
1229
-24
🇲🇦 Portuguese · Morocco
1190
-22
🇲🇦 Britons · Morocco
1058
-20
SkippyBonDingle
2:12 Loom
8:42 Feudal Age
11:22 Man-at-Arms
12:09 Scale Mail Armor
14:23 Castle Age
16:30 Pikeman
16:56 Double-Bit Axe
19:27 Horse Collar
20:12 Heavy Plow
23:20 Wheelbarrow
23:05 Bow Saw
25:54 Squires
28:19 Chain Mail Armor
30:36 Hand Cart
38:34 Imperial Age
36:15 Town Watch
GracefulPickle
9:07 Feudal Age
7:23 Loom
13:15 Castle Age
19:14 Horse Collar
19:21 Double-Bit Axe
19:42 Town Watch
21:33 Wheelbarrow
21:42 Heavy Plow
22:06 Bow Saw
23:16 Hand Cart
23:40 Scale Barding Armor
23:35 Scale Mail Armor
23:47 Forging
25:30 Chain Barding Armor
25:18 Capped Ram
25:24 Capped Ram
28:55 Imperial Age
27:36 Bloodlines
27:32 Gold Mining
28:25 Iron Casting
28:38 Masonry
30:07 Gold Shaft Mining
29:22 Stone Mining
29:06 Cavalier
30:36 Plate Barding Armor
31:51 Blast Furnace
30:47 Siege Ram
31:53 Paladin
InaHolmes
7:01 Loom
9:16 Feudal Age
9:18 Man-at-Arms
12:30 Fletching
13:21 Horse Collar
15:15 Stone Mining
19:24 Castle Age
18:29 Gold Mining
21:11 Heavy Plow
22:04 Wheelbarrow
24:30 Imperial Age
23:19 Gold Shaft Mining
25:17 Town Watch
27:48 Theocracy
27:30 Fervor
29:09 Hand Cart
29:12 Block Printing
29:23 Illumination
29:47 Conscription
30:36 Town Patrol
32:06 Redemption
32:16 Sanctity
34:11 Stone Mining
34:18 Bodkin Arrow
34:50 Ballistics
35:51 Bracer
36:53 Chemistry
amine.zairig
8:19 Feudal Age
9:12 Double-Bit Axe
11:58 Castle Age
10:33 Horse Collar
11:10 Gold Mining
18:04 Heavy Plow
20:44 Wheelbarrow
21:56 Hand Cart
27:47 Imperial Age
28:20 Husbandry
27:42 Cavalier
29:19 Loom
29:39 Stone Mining
30:26 Gold Shaft Mining
29:19 Savar
30:22 Bloodlines
30:12 Husbandry
30:33 Scale Barding Armor
30:38 Forging
anasszairig01
2:03 Loom
8:48 Feudal Age
11:42 Double-Bit Axe
11:54 Horse Collar
12:54 Gold Mining
15:39 Wheelbarrow
22:21 Town Watch
28:53 Stone Mining
34:32 Castle Age
tahazairig1
3:24 Loom
9:35 Feudal Age
13:39 Castle Age
15:39 Gold Mining
17:05 Double-Bit Axe
18:21 Bow Saw
20:44 Wheelbarrow
24:09 Horse Collar
25:34 Heavy Plow
26:34 Padded Archer Armor
27:37 Hand Cart
31:58 Imperial Age
29:47 Town Watch
31:09 Leather Archer Armor
30:44 Fletching
32:05 Town Patrol
32:06 Bodkin Arrow
32:41 Arquebus
33:02 Conscription
32:51 Elite Organ Gun
34:54 Chemistry
35:25 Ring Archer Armor
34:57 Bracer
Connection lost

Rejoining the realm…

Still unreachable

The connection could not be restored.

Session expired

The server has moved on; the page needs a fresh start.